Map: Dusk Towers

Players

Avokado

  • Race: Terran Terran
  • League: Grandmaster

Miszu - Winner!

  • Race: Terran Terran
  • League: Grandmaster

VOD

Have the link to the VOD?

Description

Time

  • Played on: Feb. 8, 2016, 12:26 p.m.
  • Length: 14:51
Show
View Real Time Build Order
Export as new Build Order

Avokado Terran 

Build Orders: Reaper Expand, Bio Tank 

Get SALT Encoding   

  12  0:01  SCV  
  13  0:13  SCV  
  14  0:17  Supply Depot  
  14  0:25  SCV  
  15  0:38  SCV  
  15  0:39  Barracks  
  16  0:43  Refinery  
  16  0:50  SCV  
  17  1:03  SCV  
  18  1:15  SCV  
  19  1:27  Reaper  
  19  1:28  Orbital Command  
  20  1:39  Command Center  
  20  1:49  Supply Depot  
  20  1:53  SCV  
  21  1:59  Marine  
  22  2:06  Factory  
  22  2:08  SCV  
  23  2:12  Refinery  
  23  2:20  SCV  
  23  2:21  Barracks Reactor  
  24  2:32  SCV  
  25  2:44  SCV  
  25  2:51  Starport  
  26  2:53  Orbital Command  
  26  2:54  Factory Tech Lab  
  26  2:56  SCV  
  27  3:00  Supply Depot, Marine  
  27  3:01  Marine  
  29  3:17  Siege Tank  
  29  3:18  Marine x2  
  34  3:21  SCV x2  
  36  3:33  SCV x2  
  38  3:35  Medivac  
  38  3:36  Marine x2  
  42  3:44  Barracks  
  42  3:45  SCV x2  
  42  3:47  Barracks  
  44  3:55  Marine x2  
  44  3:57  SCV x2  
  44  4:00  Siege Tank  
  51  4:03  Supply Depot  
  51  4:09  SCV  
  52  4:14  SCV  
  52  4:15  Marine  
  54  4:21  Supply Depot x2  
  54  4:24  Marine  
  54  4:25  SCV  
  54  4:27  SCV  
  54  4:28  Viking  
  59  4:32  Barracks Tech Lab  
  59  4:33  Marine, Barracks Tech Lab  
  59  4:36  Refinery  
  59  4:37  Refinery  
  60  4:42  Marine  
  61  4:49  SCV  
  62  4:57  Marine x3  
  62  4:58  Stimpack, Combat Shields  
  58  5:14  SCV x2  
  58  5:19  Engineering Bay  
  58  5:21  Command Center  
  57  5:26  SCV x2  
  58  5:29  Siege Tank  
  58  5:30  Marine x4  
  58  5:33  Starport Reactor  
  65  5:38  SCV  
  66  5:45  SCV  
  66  5:47  Marine  
  66  5:48  Marine  
  69  5:50  Terran Infantry Weapons Level 1, SCV  
  70  5:59  SCV  
  70  6:01  Barracks  
  71  6:05  Barracks  
  71  6:10  SCV  
  72  6:11  SCV  
  72  6:22  SCV  
  72  6:24  SCV  
  72  6:25  Medivac x2  
  78  6:31  Supply Depot  
  78  6:32  Marine x2  
  80  6:34  Orbital Command  
  80  6:36  SCV  
  80  6:37  Marine  
  82  6:42  Siege Tank  
  82  6:44  SCV  
  86  6:50  SCV  
  86  6:52  Marine x2  
  86  6:53  Barracks Reactor  
  89  6:54  Barracks Reactor  
  89  6:56  Medivac  
  89  7:00  SCV, Orbital Command  
  93  7:08  SCV  
  93  7:12  Marine x2, SCV  
  93  7:14  Engineering Bay  
  96  7:15  Armory  
  96  7:19  Medivac  
  96  7:20  Marine x2  
  100  7:29  Marine  
  93  7:32  Marine x5  
  93  7:34  Medivac  
  98  7:38  Marine x2  
  98  7:39  SCV x2  
  98  7:43  SCV  
  103  7:48  Terran Infantry Armor Level 1  
  103  7:51  SCV x2  
  103  7:52  Factory  
  103  7:54  Siege Tank  
  103  7:55  Marine  
  103  7:57  SCV  
  109  8:04  Supply Depot  
  109  8:05  Supply Depot  
  109  8:07  SCV  
  109  8:10  Sensor Tower  
  109  8:11  Terran Infantry Weapons Level 2  
  110  8:13  Sensor Tower  
  110  8:15  Terran Vehicle Weapons Level 1  
  110  8:18  Marine x2, Medivac  
  114  8:20  Marine  
  114  8:22  Marine  
  114  8:23  Marine  
  114  8:25  Marine  
  114  8:26  SCV x2  
  120  8:28  Supply Depot  
  120  8:31  Supply Depot, Marine  
  120  8:34  Marine, Medivac  
  123  8:35  SCV  
  123  8:37  Factory Tech Lab  
  123  8:38  SCV  
  122  8:46  Marine x6  
  128  8:48  Marine  
  128  8:50  Refinery  
  128  8:52  Marine, SCV x2  
  128  8:53  Refinery  
  128  8:54  SCV  
  133  9:00  Siege Tank x2  
  139  9:03  Medivac  
  139  9:04  Marine  
  142  9:16  Missile Turret  
  142  9:18  Marine, Medivac  
  142  9:19  Marine x3, Missile Turret  
  142  9:20  Missile Turret  
  142  9:22  Missile Turret  
  148  9:29  Command Center  
  148  9:30  Marine  
  149  9:35  Supply Depot  
  149  9:36  Supply Depot  
  149  9:40  Supply Depot  
  149  9:41  Supply Depot  
  149  9:56  Marine, Siege Tank x2  
  156  10:00  Marine x6  
  156  10:01  Marine  
  163  10:07  Supply Depot  
  163  10:14  Marine  
  163  10:18  Marine x6  
  163  10:20  Sensor Tower  
  170  10:23  Viking  
  170  10:27  Viking  
  174  10:28  Siege Tank x2  
  174  10:33  Terran Infantry Armor Level 2  
  180  10:39  Terran Infantry Weapons Level 3  
  180  10:42  Marine x2  
  181  10:45  Marine x2  
  181  10:46  Marine  
  181  10:47  Marine  
  183  10:54  Supply Depot  
  183  10:57  Marine x2  
  183  10:59  Marine x2  
  183  11:00  Siege Tank  
  188  11:06  Viking, Marine  
  188  11:07  Marine  
  188  11:10  Siege Tank  
  188  11:11  Marine  
  181  11:19  Marine x2  
  183  11:27  Marine x3  
  183  11:30  Marine x2  
  183  11:32  Marine, Siege Tank  
  167  11:37  Marine x2  
  172  11:43  Siege Tank  
  172  11:44  Planetary Fortress  
  172  11:45  Marine x2  
  177  11:49  Marine, Sensor Tower  
  177  11:50  Marine  
  177  11:51  Marine  
  180  11:58  Marine x2  
  180  11:59  Marine  
  183  12:03  Marine x2  
  183  12:04  Terran Vehicle Weapons Level 2  
  183  12:05  Siege Tank  
  183  12:07  SCV x2  
  190  12:09  Marine, SCV  
  190  12:12  Marine  
  190  12:14  Marine  
  190  12:15  Medivac  
  196  12:16  Marine  
  196  12:21  Medivac  
  199  12:28  Marine  
  199  12:29  Marine x4  
  193  12:34  Marine x2  
  193  12:35  Marine  
  197  12:40  Siege Tank  
  200  12:46  Marine  
  200  12:56  Command Center  
  184  13:09  Marine x4  
  184  13:10  Marine  
  184  13:12  Marine x3, Siege Tank x2  
  136  13:13  Medivac x2  
  140  13:27  Marine x4  
  135  13:34  Marine  
  135  13:37  Marine x2  
  135  13:39  Marine  
  129  13:44  Marine, Siege Tank  
  129  13:46  Marine  
  129  13:47  Marine x2  
  136  13:48  Viking x2  
  136  13:49  Command Center  
  136  13:52  Marine  
  136  13:55  Marine x2  
  142  13:57  Marine  
  142  14:00  Siege Tank  
  142  14:02  Marine  
  147  14:04  Marine  
  147  14:05  Marine x2  
  151  14:10  Marine  
  151  14:13  Marine  
  151  14:16  Siege Tank  
  147  14:25  Marine x2  
  147  14:27  Marine  
  147  14:28  Marine  
  147  14:29  Marine x2  
  147  14:30  Marine  
  154  14:33  Marine  
Show
View Real Time Build Order
Export as new Build Order

Miszu Terran - Winner!

Build Orders:  

Get SALT Encoding   

  12  0:00  SCV  
  13  0:13  SCV  
  14  0:19  Supply Depot  
  14  0:25  SCV  
  15  0:40  SCV  
  16  0:46  Barracks  
  16  0:48  Refinery  
  16  0:52  SCV  
  17  1:04  SCV  
  18  1:17  SCV  
  19  1:32  Orbital Command  
  19  1:35  Barracks Reactor  
  19  1:45  Command Center  
  19  1:50  Supply Depot  
  19  1:57  SCV  
  20  2:10  SCV  
  20  2:11  Marine x2  
  23  2:16  Factory  
  23  2:22  SCV  
  24  2:25  Refinery  
  24  2:29  Marine  
  25  2:34  SCV  
  26  2:39  Marine  
  27  2:46  SCV  
  27  2:47  Marine  
  29  2:58  SCV  
  30  3:00  Starport  
  30  3:01  Factory Tech Lab  
  30  3:02  Orbital Command  
  30  3:04  Marine  
  31  3:08  Marine  
  31  3:10  SCV  
  33  3:19  Widow Mine  
  33  3:22  SCV  
  33  3:23  Supply Depot  
  33  3:25  Marine  
  33  3:26  Marine  
  38  3:28  SCV  
  39  3:34  SCV  
  39  3:36  Medivac  
  39  3:40  SCV  
  43  3:45  Marine x2  
  43  3:46  SCV  
  43  3:47  Supply Depot  
  46  3:52  SCV  
  46  3:53  Siege Tank  
  50  3:58  SCV  
  51  4:11  Marine  
  51  4:12  Viking, SCV  
  55  4:18  Supply Depot, SCV  
  56  4:25  Siege Tank  
  56  4:31  SCV  
  60  4:32  SCV  
  60  4:37  Command Center  
  61  4:41  Supply Depot  
  61  4:43  SCV  
  61  4:44  SCV  
  63  4:50  Marine  
  63  4:59  SCV  
  62  5:02  Siege Tank  
  62  5:06  Marine, SCV  
  66  5:08  Marine  
  66  5:12  SCV  
  68  5:25  SCV  
  68  5:27  Barracks  
  67  5:29  Barracks, SCV  
  67  5:31  Marine  
  67  5:32  Marine  
  70  5:35  Supply Depot  
  70  5:36  Refinery  
  70  5:37  Refinery  
  70  5:41  Supply Depot  
  70  5:42  Siege Tank, SCV x2  
  75  5:46  Starport Reactor  
  75  5:54  SCV  
  75  5:56  Engineering Bay  
  76  5:57  Engineering Bay  
  76  6:01  Supply Depot  
  76  6:03  Supply Depot  
  76  6:04  SCV  
  77  6:05  Barracks  
  77  6:06  Barracks  
  77  6:09  Orbital Command  
  77  6:12  SCV  
  77  6:16  SCV  
  79  6:19  Barracks Tech Lab  
  79  6:20  Barracks Tech Lab  
  79  6:24  Viking  
  83  6:29  Viking  
  83  6:31  SCV  
  86  6:35  Terran Infantry Armor Level 1  
  86  6:36  Terran Infantry Weapons Level 1  
  86  6:37  SCV  
  86  6:40  Marine  
  86  6:47  Orbital Command  
  86  6:49  Marine  
  86  6:50  Marine  
  87  6:55  Barracks Reactor  
  87  6:56  Barracks Reactor  
  87  6:58  Siege Tank  
  87  6:59  Medivac  
  92  7:01  Sensor Tower  
  92  7:05  SCV x2  
  94  7:10  Marine  
  94  7:15  Marine  
  95  7:17  SCV x2  
  95  7:20  Refinery  
  91  7:24  Marine, Refinery  
  91  7:25  Sensor Tower  
  91  7:26  SCV  
  91  7:29  SCV  
  88  7:33  Marine x3, Siege Tank, SCV  
  94  7:39  SCV  
  94  7:40  Marine  
  94  7:41  Marine x2, SCV  
  94  7:43  Medivac  
  101  7:45  SCV  
  101  7:51  SCV  
  103  7:53  Medivac, SCV  
  103  7:57  SCV, Armory  
  107  8:03  SCV  
  107  8:05  SCV  
  109  8:10  Supply Depot, SCV  
  109  8:12  Supply Depot  
  110  8:13  Supply Depot, Marine, Medivac, Combat Shields  
  110  8:15  SCV  
  110  8:17  Stimpack, SCV  
  115  8:28  Factory, Siege Tank  
  118  8:42  Marine  
  118  8:43  Marine x7  
  129  8:50  Terran Infantry Weapons Level 2  
  129  8:53  Terran Infantry Armor Level 2  
  129  8:54  Terran Vehicle Weapons Level 1  
  125  8:59  SCV  
  125  9:00  Supply Depot x2, Marine  
  125  9:01  Marine  
  128  9:03  Marine x5  
  128  9:04  Supply Depot  
  128  9:07  Marine  
  128  9:08  Siege Tank  
  137  9:18  Marine x2, Factory Tech Lab  
  137  9:21  Marine x2  
  137  9:23  Medivac x2  
  145  9:27  Supply Depot  
  145  9:28  Supply Depot  
  145  9:29  Supply Depot, Marine  
  146  9:36  Siege Tank  
  149  9:40  Siege Tank  
  149  9:41  Marine  
  153  9:48  Marine x4  
  153  9:49  Marine x3  
  160  9:53  Medivac  
  160  9:54  Medivac  
  160  9:58  Supply Depot  
  160  9:59  Marine  
  165  10:03  Missile Turret  
  165  10:04  Missile Turret  
  165  10:05  Marine  
  165  10:06  Marine x2  
  168  10:08  Missile Turret  
  168  10:18  Marine  
  168  10:19  Marine x3  
  172  10:23  Medivac  
  172  10:24  Medivac, Command Center  
  176  10:31  Marine x4  
  176  10:32  Siege Tank  
  182  10:36  Marine  
  182  10:37  Marine  
  182  10:38  Marine, Siege Tank  
  188  10:53  Medivac  
  188  10:56  Medivac  
  194  11:04  Siege Tank  
  194  11:11  Siege Tank  
  191  11:14  Marine  
  191  11:16  Marine  
  191  11:18  Marine x2  
  194  11:19  Marine x4  
  199  11:26  Terran Infantry Weapons Level 3, Terran Infantry Armor Level 3  
  199  11:32  Marine  
  179  11:34  Marine  
  179  11:35  Marine  
  179  11:36  Marine x3, Siege Tank  
  187  11:40  Marine  
  187  11:41  Marine  
  187  11:43  Siege Tank  
  192  11:50  Marine  
  192  11:52  Marine  
  192  11:53  Marine  
  192  11:54  Sensor Tower  
  195  11:56  Marine x2  
  195  12:01  Marine x3  
  198  12:07  Planetary Fortress  
  199  12:25  Refinery  
  199  12:27  Marine  
  195  12:31  Refinery, Siege Tank  
  198  12:43  Sensor Tower  
  198  12:48  Marine  
  199  12:54  Barracks  
  199  12:55  Factory, Barracks  
  199  12:57  Barracks  
  186  13:06  Marine  
  186  13:07  Marine x5  
  175  13:18  Marine  
  175  13:19  Marine, Siege Tank  
  180  13:20  Medivac x2, Siege Tank  
  187  13:31  Marine  
  187  13:32  Marine x2  
  187  13:35  Marine  
  187  13:36  Marine  
  189  13:45  Marine  
  189  13:46  Marine  
  191  13:49  Marine  
  191  13:50  Medivac x2  
  191  13:51  Barracks Reactor, Siege Tank  
  191  13:52  Barracks Reactor x2, Factory Tech Lab  
  199  13:55  Command Center  
  199  13:57  Marine  
Tags
 
Add a new tag
Caveats
  • Supply blocks, unpowered buildings, or Contaminate may cause inaccurate times.
  • Supply counts are checked every 10 seconds.